 Dungeon Crawl Stone Soup version 0.23.2-33-g5129a83184 (webtiles) character file.

Game seed: 14746908116525075491

149 FishyPogo the Sneak (level 5, -1/21 HPs)
             Began as a Felid Venom Mage on Aug 4, 2019.
             Was an Initiate of Nemelex Xobeh.
             Shot with an arrow by a centaur (18 damage)
             ... on level 5 of the Dungeon.
             The game lasted 00:29:37 (4856 turns).

FishyPogo the Sneak (Felid Venom Mage)              Turns: 4856, Time: 00:29:37

Health: -1/21      AC:  2    Str:  4    XL:     5   Next: 9%
Magic:  6/10       EV: 20    Int: 17    God:    Nemelex Xobeh [......]
Gold:   165        SH:  0    Dex: 18    Spells: 6/10 levels left
                                        Lives:  0   Deaths: 1

rFire    . . .     SeeInvis +   (weapon unavailable)
rCold    . . .     Gourm    .   (shield unavailable)
rNeg     . . .     Faith    .   (armour unavailable)
rPois    .         Spirit   .   (helmet unavailable)
rElec    .         Reflect  .   (cloak unavailable)
rCorr    .         Harm     .   (gloves unavailable)
MR       .....                  (boots unavailable)
Stlth    +++.......             (no amulet)
HPRegen  0.07/turn              (no ring)
MPRegen  0.12/turn              (no ring)

@: quick
A: very small, no armour, no weapons or thrown items, stealth, claws 1, fangs 3,
see invisible, carnivore, speed 1, shaggy fur 2, slow metabolism 1, sharp paws
a: Draw Escape, Draw Destruction, Draw Summoning, Renounce Religion


You were on level 5 of the Dungeon.
You worshipped Nemelex Xobeh.
Nemelex Xobeh was noncommittal.
You were not hungry.

You visited 2 branches of the dungeon, and saw 6 of its levels.

You collected 165 gold pieces.

Inventory:

Jewellery
 n - an uncursed amulet of regeneration {unknown}
Scrolls
 c - a scroll of enchant weapon
 e - 4 scrolls of teleportation {unknown}
 m - 4 scrolls of identify
 o - a scroll of enchant armour {unknown}
Potions
 a - a potion of magic
 d - a potion of flight {unknown}
 g - 7 potions of curing
 h - 3 potions of brilliance {unknown}
 i - a potion of might {unknown}
 j - a potion of berserk rage {unknown}
 k - 2 potions of agility
 l - 2 potions of lignification {unknown}
 p - a potion of heal wounds
 q - a potion of degeneration {unknown}
Comestibles
 b - 6 rations


   Skills:
 + Level 4.1 Dodging
 + Level 4.3 Stealth
 + Level 3.0 Spellcasting
 - Level 2.0 Conjurations
 - Level 1.0 Air Magic
 * Level 4.2 Poison Magic


You had 6 spell levels left.
You knew the following spells:

 Your Spells              Type           Power        Failure   Level  Hunger
a - Sting                 Conj/Pois      ##..         4%          1    None
b - Mephitic Cloud        Conj/Pois/Air  ##......     21%         3    ###....

Your spell library contained the following spells:

 Spells                   Type           Power        Failure   Level  Hunger
 Poisonous Vapours        Pois/Air       ##....       9%          2    ##.....
 Olgreb's Toxic Radiance  Pois           ###.....     30%         4    ####...
 Venom Bolt               Conj/Pois      ##........   80%         5    ######.


Dungeon Overview and Level Annotations

Branches:
Dungeon (5/15)             Temple (1/1) D:4

Altars:
Ashenzari
Dithmenos
Fedhas
Gozag
Hepliaklqana
Kikubaaqudgha
Nemelex Xobeh
Okawaru
Qazlal
Sif Muna
Uskayaw
Wu Jian
Xom
Yredelemnul
Zin

Shops:
D:4 ?


Innate Abilities, Weirdness & Mutations

You cannot wear armour.
You are incapable of wielding weapons or throwing items.
Your paws allow you to move quietly. (Stealth)
You have sharp claws.
You have razor-sharp teeth.
You have supernaturally acute eyesight. (SInv)
You are carnivorous and can eat meat at any time.
You cover ground quickly.
You are covered in thick fur. (AC +2)
You have a slow metabolism.
Your sharp claws are effective at attacking unaware monsters.


Message History

The arrow misses you.
Casting: Sting (safe; 4% risk of failure)
Confirm with . or Enter, or press ? or * to list all spells.
Aiming: Sting (safe; 4% risk of failure)
Press: ? - help, Shift-Dir - straight line, f/p - centaur
Aim: a centaur, wielding a +0 shortbow (heavily wounded, poisoned)
The sting hits the centaur.
The centaur is severely wounded.
The centaur shoots an arrow.
The arrow closely misses you.
Casting: Sting (safe; 4% risk of failure)
Confirm with . or Enter, or press ? or * to list all spells.
Aiming: Sting (safe; 4% risk of failure)
Press: ? - help, Shift-Dir - straight line, f/p - centaur
Aim: a centaur, wielding a +0 shortbow (severely wounded, poisoned)
The sting hits the centaur but does no damage.
The centaur is severely wounded.
The centaur shoots an arrow.
The arrow hits you!!
Ouch! That really hurt!
You die...
Your body disappears without a glow.

.# #.# #.# #.# ##
##.######## ..
..(...#.... ##
#####.##.(....... #.#
.......@...#.#.###
..#
#.......(#........ #
#.#.###..............
#.
#.####c.####........
##.##(......#
#........
##...#(####.##
#........
##......####.#
#.%......
#........<.#.
#........
#........#.#
..###.###


You could see a centaur.

Vanquished Creatures
  An orc wizard (D:4)
  An orc priest (D:4)
  3 worker ants (D:4)
  8 adders
  An ooze (D:2)
  3 worms (D:2)
  A dart slug (D:3)
  4 leopard geckos
  3 orcs
  3 giant cockroaches
  7 goblins
  6 hobgoblins
  2 quokkas
  4 ball pythons
  13 bats
  9 frilled lizards
  5 kobolds
  5 rats
79 creatures vanquished.

Vanquished Creatures (others)
  A plant (D:4)
1 creature vanquished.

Grand Total: 80 creatures vanquished

Notes
Turn   | Place    | Note
-------+----------+-------------------------------------------
     0 | D:1      | FishyPogo the Felid Venom Mage began the quest for the Orb.
     0 | D:1      | Reached XP level 1. HP: 7/7 MP: 4/4
   251 | D:1      | Reached skill level 1 in Conjurations
   322 | D:1      | Reached XP level 2. HP: 11/11 MP: 4/6
   966 | D:2      | Reached XP level 3. HP: 6/14 MP: 5/7
  1022 | D:2      | Learned a level 3 spell: Mephitic Cloud
  1170 | D:2      | Reached XP level 4. HP: 4/18 MP: 0/8
  2318 | D:3      | Found a faded altar of an unknown god.
  2769 | D:3      | Reached XP level 5. HP: 14/21 MP: 1/9
  2992 | D:3      | Reached skill level 1 in Air Magic
  3254 | D:4      | Found Ograkhia's Magic Scroll Shop.
  4007 | D:4      | Found a basalt altar of Yredelemnul.
  4316 | D:4      | Found a glowing silver altar of Zin.
  4525 | D:4      | Gained mutation: You are covered in thick fur. (AC +2)
                  | [Felid growth]
  4525 | D:4      | Reached XP level 6. HP: 19/24 MP: 1/11
  4551 | D:4      | Found a staircase to the Ecumenical Temple.
  4606 | Temple   | Entered the Ecumenical Temple
  4709 | Temple   | Became a worshipper of Nemelex Xobeh the Trickster
  4832 | D:5      | Entered Level 5 of the Dungeon
  4848 | D:5      | Shot with an arrow by a centaur
  4849 | D:5      | Reached XP level 5. HP: -5/21 MP: 8/10
  4856 | D:5      | Shot with an arrow by a centaur

Skill      XL: |  1  2  3  4  5 |
---------------+----------------+-----
Conjurations   | 1 2 |  2.0
Dodging        | 3 4 |  4.1
Poison Magic   | 3 4 |  4.2
Stealth        | 3 4 |  4.3
Air Magic      | 1 |  1.0
Spellcasting   | 3 |  3.0

Action                   |  1- 3 |  4- 6 || total
-------------------------+-------+-------++-------
Melee: Unarmed           |    40 |   162 ||   202
       Bite              |     2 |    11 ||    13
 Cast: Sting             |    41 |   104 ||   145
  Use: Scroll            |       |     4 ||     4
       Potion            |       |     2 ||     2
 Stab: Sleeping          |     7 |     6 ||    13
  Eat: Chunk             |     8 |     7 ||    15
Armor: Skin              |     3 |     9 ||    12
Dodge: Dodged            |    21 |   107 ||   128
